AoeStats
← dguanying

Glade

510713553Analyzed
1v1 RM · 1d ago on Oct 2, 2026· 38m 27s· 2 players
Game mode
Random Map
Map size
Tiny (2 player)
Population
200
Speed
Normal
Resources
Standard
Victory
Conquest
Starting age
Dark Age
Ending age
Imperial Age
RankedLock teamsTeams togetherTeam positionsShared explorationLock speedFull tech treeHidden civsTurbo modeCheats
Victory
Defeat
🇹🇼 Mongols · Taiwan
1275
+15
🇻🇳 Magyars · Vietnam
1247
-15
SìkeriKappa
11:02 Feudal Age
11:18 Loom
11:14 Man-at-Arms
12:16 Double-Bit Axe
12:48 Loom
17:44 Horse Collar
24:14 Castle Age
22:19 Gold Mining
23:29 Scale Mail Armor
23:58 Fletching
24:48 Bloodlines
24:28 Pikeman
25:34 Heavy Plow
27:14 Gold Shaft Mining
28:41 Husbandry
28:02 Light Cavalry
34:42 Imperial Age
32:13 Town Watch
32:08 Light Cavalry
33:06 Corvinian Army
33:49 Chain Mail Armor
34:25 Bodkin Arrow
34:34 Padded Archer Armor
33:59 Elite Skirmisher
35:39 Wheelbarrow
34:54 Town Watch
35:49 Ballistics
36:46 Thumb Ring
37:20 Town Patrol
37:13 Treadmill Crane
37:54 Bracer
38:56 Leather Archer Armor
dguanying
9:20 Feudal Age
10:06 Double-Bit Axe
12:33 Fletching
20:55 Castle Age
18:42 Loom
20:01 Scale Barding Armor
21:16 Bloodlines
22:22 Gold Mining
22:19 Horse Collar
23:09 Husbandry
24:01 Bow Saw
24:09 Bodkin Arrow
25:16 Stone Mining
26:50 Wheelbarrow
27:04 Fervor
26:59 Heavy Plow
34:33 Imperial Age
33:29 Ballistics
33:43 Chain Barding Armor
33:24 Padded Archer Armor
34:04 Light Cavalry
34:57 Forging
35:21 Bracer
35:44 Conscription
37:18 Hand Cart
38:00 Thumb Ring
39:13 Parthian Tactics
39:04 Leather Archer Armor
Connection lost

Rejoining the realm…

Still unreachable

The connection could not be restored.

Session expired

The server has moved on; the page needs a fresh start.